 Dungeon Crawl Stone Soup version 0.28.0-53-g5a82cb258f (webtiles) character file.

Game seed: 15796930806603539757

7 concernfroge the Covered (level 2, -1/19 HPs)
             Began as a Gargoyle Fighter on June 18, 2022.
             Slain by a gnoll
             ... wielding a +0 flail
              (8 damage)
             ... on level 1 of the Dungeon.
             The game lasted 00:01:49 (1086 turns).

concernfroge the Covered (Gargoyle Fighter)         Turns: 1086, Time: 00:01:49

Health: -1/19      AC:  9    Str: 19    XL:     2   Next: 0%
Magic:  2/2        EV:  9    Int:  8    God:
Gold:   71         SH:  4    Dex:  9    Spells: 1/1 levels left

rFire   . . .      SeeInvis .   a - +0 flail
rCold   . . .      Faith    .   c - +0 buckler
rNeg    + . .      Spirit   .   b - +0 scale mail
rPois   ∞          Reflect  .   (no helmet)
rElec   +          Harm     .   (no cloak)
rCorr   .          Rampage  .   (no gloves)
Will    .....                   (no boots)
Stlth   ..........              (no amulet)
HPRegen 0.06/turn               (no ring)
MPRegen 0.08/turn               (no ring)

@: no status effects
A: sickness immunity, AC +2, negative energy resistance 1, electricity
resistance, torment resistance 1, petrification resistance
a: no special abilities


You were on level 1 of the Dungeon.
You visited 1 branch of the dungeon, and saw 2 of its levels.

You collected 71 gold pieces.

Inventory:

Hand Weapons
 a - a +0 flail (weapon)
Armour
 b - a +0 scale mail (worn)
 c - a +0 buckler (worn)
 f - a scarf of invisibility
Scrolls
 e - a scroll of fog {unknown}
 h - a scroll of noise {unknown}
Potions
 d - a potion of might
 g - a potion of brilliance {unknown}


   Skills:
 + Level 3.4 Fighting
 + Level 2.1 Maces & Flails
 + Level 3.4 Armour
 + Level 3.4 Shields


You had one spell level left.
You didn't know any spells.
Your spell library contained the following spells:

 Spells                   Type           Power      Damage    Failure   Level
 Sandblast                Erth           0%         2d4       86%         1
 Passwall                 Tmut/Erth      0%         N/A       95%         2
 Stone Arrow              Conj/Erth      0%         3d7       99%         3


Dungeon Overview and Level Annotations

Branches:
Dungeon (2/15)

Altars:


Innate Abilities, Weirdness & Mutations

You are immune to sickness and miasma.
Your stone body is resilient. (AC +2)
You are immune to poison.
You resist negative energy. (rN+)
You are resistant to electric shocks. (rElec)
You are resistant to unholy torment.
You are immune to petrification.


Message History

The gnoll hits you but does no damage.
You closely miss the gnoll. The gnoll hits you but does no damage.
The gnoll closely misses you. The gnoll barely misses you.
You hit the gnoll but do no damage.
The gnoll hits you but does no damage. x2
You hit the gnoll but do no damage. The gnoll barely misses you.
The gnoll hits you with a +0 spear.
A giant cockroach comes into view.
The gnoll hits you but does no damage.
You hit the gnoll.
The gnoll is moderately wounded.
The gnoll barely misses you.
The gnoll hits you from afar with a +0 spear.
The gnoll hits you with a +0 spear.
* * * LOW HITPOINT WARNING * * *
The gnoll hits you but does no damage.
There is a stone staircase leading up here.
The gnoll barely misses you.
You climb upwards.
There is a stone staircase leading down here.
You start resting.
HP restored.
You climb downwards.
You block the gnoll's attack. The gnoll hits you with a +0 flail.
The gnoll hits you from afar with a +0 spear.
There is a stone staircase leading up here.
The gnoll hits you but does no damage. You block the gnoll's attack.
You climb upwards.
There is a stone staircase leading down here.
You barely miss the gnoll. You block the gnoll's attack.
You closely miss the gnoll. You block the gnoll's attack.
You closely miss the gnoll. The gnoll hits you with a +0 flail.
The gnoll barely misses you.
You barely miss the gnoll. The gnoll closely misses you.
You thump the gnoll!
The gnoll is severely wounded.
The gnoll closely misses you.
You closely miss the gnoll.
The gnoll is severely wounded.
The gnoll hits you with a +0 flail! x2
You die...

#...##.# #(####.# #.##
#.# # #..# #.# # ##.#
#.# ## #.# #.# .#
#####.###.# .####
#.....g...# ....#
##.#.@..(.# .##.#
#.##.###.# .#..# #§##.#
#.# ##.## #§#..# #.#
##.# #§######.## ...#
#.#.......#
.############.######..#
.#............######..#
.#.#######............#


You could see a gnoll.

Vanquished Creatures
  An endoplasm (D:1)
  2 hobgoblins (D:1)
  A kobold (D:1)
  A frilled lizard (D:1)
  A rat (D:1)
6 creatures vanquished.

Notes
Turn   | Place    | Note
-------+----------+-------------------------------------------
     0 | D:1      | concernfroge the Gargoyle Fighter began the quest for the
                  | Orb.
     0 | D:1      | Reached XP level 1. HP: 14/14 MP: 1/1
   554 | D:1      | Reached XP level 2. HP: 19/19 MP: 2/2
  1086 | D:1      | Slain by a gnoll

Illustrated notes

Levels and vault maps discovered:
D:1:      lemuel_arrival_rhombus, layout_loops_ring, corexii_corridor_pit,
          chequers_serial_rivers_large_b, amethyst_killhole, item_on_display_a
D:2:      layout_loops_corners, dilly_ecumenical_altar_fadedgnrine, basic_altar,
          lexackson_kobold_supper

Action                   || total
-------------------------++-------
Melee: Flail             ||    22
Armor: Scale mail        ||    13
Dodge: Dodged            ||    11
Block: Buckler           ||     5
